%YAML 1.1
%TAG !u! tag:unity3d.com,2011:
--- !u!1 &1358215364647102568
GameObject:
  m_ObjectHideFlags: 0
  m_CorrespondingSourceObject: {fileID: 0}
  m_PrefabInstance: {fileID: 0}
  m_PrefabAsset: {fileID: 0}
  serializedVersion: 6
  m_Component:
  - component: {fileID: 193134336448948849}
  - component: {fileID: 411046178000776036}
  - component: {fileID: 4750216363343702323}
  - component: {fileID: 8676378533047593900}
  m_Layer: 7
  m_Name: Cube
  m_TagString: Untagged
  m_Icon: {fileID: 0}
  m_NavMeshLayer: 0
  m_StaticEditorFlags: 0
  m_IsActive: 0
--- !u!4 &193134336448948849
Transform:
  m_ObjectHideFlags: 0
  m_CorrespondingSourceObject: {fileID: 0}
  m_PrefabInstance: {fileID: 0}
  m_PrefabAsset: {fileID: 0}
  m_GameObject: {fileID: 1358215364647102568}
  m_LocalRotation: {x: 0, y: 0, z: 0, w: 1}
  m_LocalPosition: {x: 0, y: 0, z: 0}
  m_LocalScale: {x: 0.75, y: 1, z: 0.25}
  m_Children: []
  m_Father: {fileID: 832308412349090755}
  m_RootOrder: 2
  m_LocalEulerAnglesHint: {x: 0, y: 0, z: 0}
--- !u!33 &411046178000776036
MeshFilter:
  m_ObjectHideFlags: 0
  m_CorrespondingSourceObject: {fileID: 0}
  m_PrefabInstance: {fileID: 0}
  m_PrefabAsset: {fileID: 0}
  m_GameObject: {fileID: 1358215364647102568}
  m_Mesh: {fileID: 10202, guid: 0000000000000000e000000000000000, type: 0}
--- !u!23 &4750216363343702323
MeshRenderer:
  m_ObjectHideFlags: 0
  m_CorrespondingSourceObject: {fileID: 0}
  m_PrefabInstance: {fileID: 0}
  m_PrefabAsset: {fileID: 0}
  m_GameObject: {fileID: 1358215364647102568}
  m_Enabled: 1
  m_CastShadows: 1
  m_ReceiveShadows: 1
  m_DynamicOccludee: 1
  m_MotionVectors: 1
  m_LightProbeUsage: 1
  m_ReflectionProbeUsage: 1
  m_RayTracingMode: 2
  m_RayTraceProcedural: 0
  m_RenderingLayerMask: 1
  m_RendererPriority: 0
  m_Materials:
  - {fileID: 2100000, guid: 31321ba15b8f8eb4c954353edc038b1d, type: 2}
  m_StaticBatchInfo:
    firstSubMesh: 0
    subMeshCount: 0
  m_StaticBatchRoot: {fileID: 0}
  m_ProbeAnchor: {fileID: 0}
  m_LightProbeVolumeOverride: {fileID: 0}
  m_ScaleInLightmap: 1
  m_ReceiveGI: 1
  m_PreserveUVs: 0
  m_IgnoreNormalsForChartDetection: 0
  m_ImportantGI: 0
  m_StitchLightmapSeams: 1
  m_SelectedEditorRenderState: 3
  m_MinimumChartSize: 4
  m_AutoUVMaxDistance: 0.5
  m_AutoUVMaxAngle: 89
  m_LightmapParameters: {fileID: 0}
  m_SortingLayerID: 0
  m_SortingLayer: 0
  m_SortingOrder: 0
  m_AdditionalVertexStreams: {fileID: 0}
--- !u!65 &8676378533047593900
BoxCollider:
  m_ObjectHideFlags: 0
  m_CorrespondingSourceObject: {fileID: 0}
  m_PrefabInstance: {fileID: 0}
  m_PrefabAsset: {fileID: 0}
  m_GameObject: {fileID: 1358215364647102568}
  m_Material: {fileID: 0}
  m_IsTrigger: 0
  m_Enabled: 1
  serializedVersion: 2
  m_Size: {x: 1, y: 1, z: 1}
  m_Center: {x: 0, y: 0, z: 0}
--- !u!1 &3376287547263092532
GameObject:
  m_ObjectHideFlags: 0
  m_CorrespondingSourceObject: {fileID: 0}
  m_PrefabInstance: {fileID: 0}
  m_PrefabAsset: {fileID: 0}
  serializedVersion: 6
  m_Component:
  - component: {fileID: 8164913391811039056}
  - component: {fileID: 2109073922422887349}
  m_Layer: 0
  m_Name: Spotlight
  m_TagString: Untagged
  m_Icon: {fileID: 0}
  m_NavMeshLayer: 0
  m_StaticEditorFlags: 0
  m_IsActive: 1
--- !u!4 &8164913391811039056
Transform:
  m_ObjectHideFlags: 0
  m_CorrespondingSourceObject: {fileID: 0}
  m_PrefabInstance: {fileID: 0}
  m_PrefabAsset: {fileID: 0}
  m_GameObject: {fileID: 3376287547263092532}
  m_LocalRotation: {x: 0.61566144, y: 0, z: 0, w: 0.7880108}
  m_LocalPosition: {x: 0, y: 3.18, z: 0}
  m_LocalScale: {x: 1, y: 1, z: 1}
  m_Children: []
  m_Father: {fileID: 8914715158613631033}
  m_RootOrder: 0
  m_LocalEulerAnglesHint: {x: 76, y: 0, z: 0}
--- !u!108 &2109073922422887349
Light:
  m_ObjectHideFlags: 0
  m_CorrespondingSourceObject: {fileID: 0}
  m_PrefabInstance: {fileID: 0}
  m_PrefabAsset: {fileID: 0}
  m_GameObject: {fileID: 3376287547263092532}
  m_Enabled: 1
  serializedVersion: 10
  m_Type: 0
  m_Shape: 0
  m_Color: {r: 0.07376263, g: 0.7830189, b: 0, a: 1}
  m_Intensity: 30
  m_Range: 91.76602
  m_SpotAngle: 47
  m_InnerSpotAngle: 18
  m_CookieSize: 10
  m_Shadows:
    m_Type: 2
    m_Resolution: -1
    m_CustomResolution: -1
    m_Strength: 1
    m_Bias: 0.02
    m_NormalBias: 0.1
    m_NearPlane: 0.1
    m_CullingMatrixOverride:
      e00: 1
      e01: 0
      e02: 0
      e03: 0
      e10: 0
      e11: 1
      e12: 0
      e13: 0
      e20: 0
      e21: 0
      e22: 1
      e23: 0
      e30: 0
      e31: 0
      e32: 0
      e33: 1
    m_UseCullingMatrixOverride: 0
  m_Cookie: {fileID: 0}
  m_DrawHalo: 0
  m_Flare: {fileID: 0}
  m_RenderMode: 0
  m_CullingMask:
    serializedVersion: 2
    m_Bits: 4294967295
  m_RenderingLayerMask: 1
  m_Lightmapping: 4
  m_LightShadowCasterMode: 0
  m_AreaSize: {x: 1, y: 1}
  m_BounceIntensity: 1
  m_ColorTemperature: 6570
  m_UseColorTemperature: 0
  m_BoundingSphereOverride: {x: 0, y: 0, z: 0, w: 0}
  m_UseBoundingSphereOverride: 0
  m_UseViewFrustumForShadowCasterCull: 1
  m_ShadowRadius: 0
  m_ShadowAngle: 0
--- !u!1 &3625159452311048591
GameObject:
  m_ObjectHideFlags: 0
  m_CorrespondingSourceObject: {fileID: 0}
  m_PrefabInstance: {fileID: 0}
  m_PrefabAsset: {fileID: 0}
  serializedVersion: 6
  m_Component:
  - component: {fileID: 832308412349090755}
  m_Layer: 7
  m_Name: Door
  m_TagString: Untagged
  m_Icon: {fileID: 0}
  m_NavMeshLayer: 0
  m_StaticEditorFlags: 0
  m_IsActive: 1
--- !u!4 &832308412349090755
Transform:
  m_ObjectHideFlags: 0
  m_CorrespondingSourceObject: {fileID: 0}
  m_PrefabInstance: {fileID: 0}
  m_PrefabAsset: {fileID: 0}
  m_GameObject: {fileID: 3625159452311048591}
  m_LocalRotation: {x: 0, y: 0, z: 0, w: 1}
  m_LocalPosition: {x: 0, y: 0, z: 0}
  m_LocalScale: {x: 1, y: 1, z: 1}
  m_Children:
  - {fileID: 6919496783595080801}
  - {fileID: 8991186419077745833}
  - {fileID: 193134336448948849}
  - {fileID: 5683040801693970670}
  m_Father: {fileID: 8914715158613631033}
  m_RootOrder: 1
  m_LocalEulerAnglesHint: {x: 0, y: 0, z: 0}
--- !u!1 &3863869959173285843
GameObject:
  m_ObjectHideFlags: 0
  m_CorrespondingSourceObject: {fileID: 0}
  m_PrefabInstance: {fileID: 0}
  m_PrefabAsset: {fileID: 0}
  serializedVersion: 6
  m_Component:
  - component: {fileID: 8914715158613631033}
  m_Layer: 7
  m_Name: DoorBuilding
  m_TagString: Untagged
  m_Icon: {fileID: 3443629218296621865, guid: 0000000000000000d000000000000000, type: 0}
  m_NavMeshLayer: 0
  m_StaticEditorFlags: 0
  m_IsActive: 1
--- !u!4 &8914715158613631033
Transform:
  m_ObjectHideFlags: 0
  m_CorrespondingSourceObject: {fileID: 0}
  m_PrefabInstance: {fileID: 0}
  m_PrefabAsset: {fileID: 0}
  m_GameObject: {fileID: 3863869959173285843}
  m_LocalRotation: {x: -0, y: -0, z: -0, w: 1}
  m_LocalPosition: {x: 0, y: -0.45, z: -0.375}
  m_LocalScale: {x: 1, y: 1, z: 1}
  m_Children:
  - {fileID: 8164913391811039056}
  - {fileID: 832308412349090755}
  m_Father: {fileID: 1097354893349864023}
  m_RootOrder: 7
  m_LocalEulerAnglesHint: {x: 0, y: 0, z: 0}
--- !u!114 &724896088813676752
MonoBehaviour:
  m_ObjectHideFlags: 0
  m_CorrespondingSourceObject: {fileID: 0}
  m_PrefabInstance: {fileID: 0}
  m_PrefabAsset: {fileID: 0}
  m_GameObject: {fileID: 5214455811606059943}
  m_Enabled: 1
  m_EditorHideFlags: 0
  m_Script: {fileID: 11500000, guid: 20d756929b3b40cf937e3451c950422a, type: 3}
  m_Name: 
  m_EditorClassIdentifier: 
  serializationData:
    SerializedFormat: 2
    SerializedBytes: 
    ReferencedUnityObjects: []
    SerializedBytesString: 
    Prefab: {fileID: 0}
    PrefabModificationsReferencedUnityObjects: []
    PrefabModifications: []
    SerializationNodes:
    - Name: corridor
      Entry: 6
      Data: 
    - Name: _neighborMatrix
      Entry: 7
      Data: 0|Heroes.World.Tile[,], Assembly-CSharp
    - Name: 
      Entry: 12
      Data: 9
    - Name: ranks
      Entry: 1
      Data: 3|3
    - Name: 
      Entry: 6
      Data: 
    - Name: 
      Entry: 6
      Data: 
    - Name: 
      Entry: 6
      Data: 
    - Name: 
      Entry: 6
      Data: 
    - Name: 
      Entry: 6
      Data: 
    - Name: 
      Entry: 6
      Data: 
    - Name: 
      Entry: 6
      Data: 
    - Name: 
      Entry: 6
      Data: 
    - Name: 
      Entry: 6
      Data: 
    - Name: 
      Entry: 13
      Data: 
    - Name: 
      Entry: 8
      Data: 
  tileData: {fileID: 11400000, guid: 6261dbc125d314edb807e3017e0acdc1, type: 2}
  type: 0
  activeVariation: {fileID: 0}
  isEdgeTile: 0
  corridorIndex: 0
  neighborMask:
    serializedVersion: 2
    m_Bits: 768
  occupied: {fileID: 0}
  belowTile: 0
  oneOpen: {fileID: 3201490499685719655}
  threeOpen: {fileID: 744770240701600435}
  street: {fileID: 5713203756430243842}
  corner: {fileID: 6996316353794592342}
  noneOpen: {fileID: 1837692297593698683}
  allOpen: {fileID: 3240624697692674909}
  spawnPoint: {fileID: 9000107480250459881}
--- !u!114 &6764468450038933075
MonoBehaviour:
  m_ObjectHideFlags: 0
  m_CorrespondingSourceObject: {fileID: 0}
  m_PrefabInstance: {fileID: 0}
  m_PrefabAsset: {fileID: 0}
  m_GameObject: {fileID: 5214455811606059943}
  m_Enabled: 1
  m_EditorHideFlags: 0
  m_Script: {fileID: 11500000, guid: 94c0e64f73ae4bb0ad4c8ee352c00c1b, type: 3}
  m_Name: 
  m_EditorClassIdentifier: 
  runtimeSet: {fileID: 11400000, guid: 3af13b0f436704e35b1417ecde397956, type: 2}
--- !u!1 &9000107480250459881
GameObject:
  m_ObjectHideFlags: 0
  m_CorrespondingSourceObject: {fileID: 0}
  m_PrefabInstance: {fileID: 0}
  m_PrefabAsset: {fileID: 0}
  serializedVersion: 6
  m_Component:
  - component: {fileID: 6963135148156004977}
  m_Layer: 7
  m_Name: SpawnPoint
  m_TagString: Untagged
  m_Icon: {fileID: -5938655980376293919, guid: 0000000000000000d000000000000000, type: 0}
  m_NavMeshLayer: 0
  m_StaticEditorFlags: 0
  m_IsActive: 1
--- !u!4 &6963135148156004977
Transform:
  m_ObjectHideFlags: 0
  m_CorrespondingSourceObject: {fileID: 0}
  m_PrefabInstance: {fileID: 0}
  m_PrefabAsset: {fileID: 0}
  m_GameObject: {fileID: 9000107480250459881}
  m_LocalRotation: {x: -0, y: -0, z: -0, w: 1}
  m_LocalPosition: {x: 0, y: -0.5, z: 0.4}
  m_LocalScale: {x: 1, y: 1, z: 1}
  m_Children: []
  m_Father: {fileID: 1097354893349864023}
  m_RootOrder: 6
  m_LocalEulerAnglesHint: {x: 0, y: 0, z: 0}
--- !u!1001 &6727416487642643054
PrefabInstance:
  m_ObjectHideFlags: 0
  serializedVersion: 2
  m_Modification:
    m_TransformParent: {fileID: 832308412349090755}
    m_Modifications:
    - target: {fileID: 2421680750424864455, guid: 99f41225b56c049e1a4b42d66a79d3df, type: 3}
      propertyPath: m_RootOrder
      value: 1
      objectReference: {fileID: 0}
    - target: {fileID: 2421680750424864455, guid: 99f41225b56c049e1a4b42d66a79d3df, type: 3}
      propertyPath: m_LocalPosition.x
      value: -0.389
      objectReference: {fileID: 0}
    - target: {fileID: 2421680750424864455, guid: 99f41225b56c049e1a4b42d66a79d3df, type: 3}
      propertyPath: m_LocalPosition.y
      value: 0.7
      objectReference: {fileID: 0}
    - target: {fileID: 2421680750424864455, guid: 99f41225b56c049e1a4b42d66a79d3df, type: 3}
      propertyPath: m_LocalPosition.z
      value: 0.319
      objectReference: {fileID: 0}
    - target: {fileID: 2421680750424864455, guid: 99f41225b56c049e1a4b42d66a79d3df, type: 3}
      propertyPath: m_LocalRotation.w
      value: 1
      objectReference: {fileID: 0}
    - target: {fileID: 2421680750424864455, guid: 99f41225b56c049e1a4b42d66a79d3df, type: 3}
      propertyPath: m_LocalRotation.x
      value: -0
      objectReference: {fileID: 0}
    - target: {fileID: 2421680750424864455, guid: 99f41225b56c049e1a4b42d66a79d3df, type: 3}
      propertyPath: m_LocalRotation.y
      value: -0
      objectReference: {fileID: 0}
    - target: {fileID: 2421680750424864455, guid: 99f41225b56c049e1a4b42d66a79d3df, type: 3}
      propertyPath: m_LocalRotation.z
      value: -0
      objectReference: {fileID: 0}
    - target: {fileID: 2421680750424864455, guid: 99f41225b56c049e1a4b42d66a79d3df, type: 3}
      propertyPath: m_LocalEulerAnglesHint.x
      value: 0
      objectReference: {fileID: 0}
    - target: {fileID: 2421680750424864455, guid: 99f41225b56c049e1a4b42d66a79d3df, type: 3}
      propertyPath: m_LocalEulerAnglesHint.y
      value: 0
      objectReference: {fileID: 0}
    - target: {fileID: 2421680750424864455, guid: 99f41225b56c049e1a4b42d66a79d3df, type: 3}
      propertyPath: m_LocalEulerAnglesHint.z
      value: 0
      objectReference: {fileID: 0}
    - target: {fileID: 4715618742414002006, guid: 99f41225b56c049e1a4b42d66a79d3df, type: 3}
      propertyPath: m_Name
      value: Torch
      objectReference: {fileID: 0}
    - target: {fileID: 6792981685751740848, guid: 99f41225b56c049e1a4b42d66a79d3df, type: 3}
      propertyPath: m_Color.b
      value: 0
      objectReference: {fileID: 0}
    - target: {fileID: 6792981685751740848, guid: 99f41225b56c049e1a4b42d66a79d3df, type: 3}
      propertyPath: m_Color.g
      value: 0.68235296
      objectReference: {fileID: 0}
    - target: {fileID: 6792981685751740848, guid: 99f41225b56c049e1a4b42d66a79d3df, type: 3}
      propertyPath: m_Color.r
      value: 0.11372549
      objectReference: {fileID: 0}
    m_RemovedComponents: []
  m_SourcePrefab: {fileID: 100100000, guid: 99f41225b56c049e1a4b42d66a79d3df, type: 3}
--- !u!4 &8991186419077745833 stripped
Transform:
  m_CorrespondingSourceObject: {fileID: 2421680750424864455, guid: 99f41225b56c049e1a4b42d66a79d3df, type: 3}
  m_PrefabInstance: {fileID: 6727416487642643054}
  m_PrefabAsset: {fileID: 0}
--- !u!1001 &6833413937331111776
PrefabInstance:
  m_ObjectHideFlags: 0
  serializedVersion: 2
  m_Modification:
    m_TransformParent: {fileID: 0}
    m_Modifications:
    - target: {fileID: -5592132413742420542, guid: ece5006adc19845a3b878de702629471, type: 3}
      propertyPath: tileData
      value: 
      objectReference: {fileID: 11400000, guid: 6261dbc125d314edb807e3017e0acdc1, type: 2}
    - target: {fileID: -5592132413742420542, guid: ece5006adc19845a3b878de702629471, type: 3}
      propertyPath: serializationData.Prefab
      value: 
      objectReference: {fileID: -5592132413742420542, guid: ece5006adc19845a3b878de702629471, type: 3}
    - target: {fileID: -1949508886934549447, guid: ece5006adc19845a3b878de702629471, type: 3}
      propertyPath: m_Area
      value: 0
      objectReference: {fileID: 0}
    - target: {fileID: 516578755310954010, guid: ece5006adc19845a3b878de702629471, type: 3}
      propertyPath: m_Area
      value: 0
      objectReference: {fileID: 0}
    - target: {fileID: 697899076080908709, guid: ece5006adc19845a3b878de702629471, type: 3}
      propertyPath: m_Enabled
      value: 0
      objectReference: {fileID: 0}
    - target: {fileID: 785155372251253167, guid: ece5006adc19845a3b878de702629471, type: 3}
      propertyPath: m_Layer
      value: 7
      objectReference: {fileID: 0}
    - target: {fileID: 1623651206760176839, guid: ece5006adc19845a3b878de702629471, type: 3}
      propertyPath: m_Name
      value: DoorTile
      objectReference: {fileID: 0}
    - target: {fileID: 1623651206760176839, guid: ece5006adc19845a3b878de702629471, type: 3}
      propertyPath: m_Layer
      value: 7
      objectReference: {fileID: 0}
    - target: {fileID: 1632749222407935724, guid: ece5006adc19845a3b878de702629471, type: 3}
      propertyPath: m_Enabled
      value: 0
      objectReference: {fileID: 0}
    - target: {fileID: 1705819491631129865, guid: ece5006adc19845a3b878de702629471, type: 3}
      propertyPath: m_Layer
      value: 7
      objectReference: {fileID: 0}
    - target: {fileID: 1857850344846562255, guid: ece5006adc19845a3b878de702629471, type: 3}
      propertyPath: m_Layer
      value: 7
      objectReference: {fileID: 0}
    - target: {fileID: 2233414817900947701, guid: ece5006adc19845a3b878de702629471, type: 3}
      propertyPath: m_Layer
      value: 7
      objectReference: {fileID: 0}
    - target: {fileID: 2430537264174474241, guid: ece5006adc19845a3b878de702629471, type: 3}
      propertyPath: m_Enabled
      value: 0
      objectReference: {fileID: 0}
    - target: {fileID: 2430537264174474241, guid: ece5006adc19845a3b878de702629471, type: 3}
      propertyPath: m_Materials.Array.data[0]
      value: 
      objectReference: {fileID: 2100000, guid: b35242ea6199e448e9b4b2fd11260d3d, type: 2}
    - target: {fileID: 2605414424841472721, guid: ece5006adc19845a3b878de702629471, type: 3}
      propertyPath: m_Enabled
      value: 0
      objectReference: {fileID: 0}
    - target: {fileID: 2821208818906352169, guid: ece5006adc19845a3b878de702629471, type: 3}
      propertyPath: m_Layer
      value: 7
      objectReference: {fileID: 0}
    - target: {fileID: 2869390753525039098, guid: ece5006adc19845a3b878de702629471, type: 3}
      propertyPath: m_Enabled
      value: 0
      objectReference: {fileID: 0}
    - target: {fileID: 2936353606287198072, guid: ece5006adc19845a3b878de702629471, type: 3}
      propertyPath: m_Area
      value: 0
      objectReference: {fileID: 0}
    - target: {fileID: 3140510117017457410, guid: ece5006adc19845a3b878de702629471, type: 3}
      propertyPath: m_Area
      value: 0
      objectReference: {fileID: 0}
    - target: {fileID: 3180290692816421724, guid: ece5006adc19845a3b878de702629471, type: 3}
      propertyPath: m_Area
      value: 0
      objectReference: {fileID: 0}
    - target: {fileID: 3672543016842383214, guid: ece5006adc19845a3b878de702629471, type: 3}
      propertyPath: m_Area
      value: 0
      objectReference: {fileID: 0}
    - target: {fileID: 4090939306480777691, guid: ece5006adc19845a3b878de702629471, type: 3}
      propertyPath: m_Enabled
      value: 0
      objectReference: {fileID: 0}
    - target: {fileID: 4203886235414185219, guid: ece5006adc19845a3b878de702629471, type: 3}
      propertyPath: m_Layer
      value: 7
      objectReference: {fileID: 0}
    - target: {fileID: 4235339823640239365, guid: ece5006adc19845a3b878de702629471, type: 3}
      propertyPath: m_Layer
      value: 7
      objectReference: {fileID: 0}
    - target: {fileID: 4423818575626869783, guid: ece5006adc19845a3b878de702629471, type: 3}
      propertyPath: m_Layer
      value: 7
      objectReference: {fileID: 0}
    - target: {fileID: 5812726010052624369, guid: ece5006adc19845a3b878de702629471, type: 3}
      propertyPath: m_Icon
      value: 
      objectReference: {fileID: 7422848464349959988, guid: 0000000000000000d000000000000000, type: 0}
    - target: {fileID: 5812726010052624369, guid: ece5006adc19845a3b878de702629471, type: 3}
      propertyPath: m_Layer
      value: 7
      objectReference: {fileID: 0}
    - target: {fileID: 5904148413157786935, guid: ece5006adc19845a3b878de702629471, type: 3}
      propertyPath: m_RootOrder
      value: 0
      objectReference: {fileID: 0}
    - target: {fileID: 5904148413157786935, guid: ece5006adc19845a3b878de702629471, type: 3}
      propertyPath: m_LocalPosition.x
      value: 0
      objectReference: {fileID: 0}
    - target: {fileID: 5904148413157786935, guid: ece5006adc19845a3b878de702629471, type: 3}
      propertyPath: m_LocalPosition.y
      value: 0
      objectReference: {fileID: 0}
    - target: {fileID: 5904148413157786935, guid: ece5006adc19845a3b878de702629471, type: 3}
      propertyPath: m_LocalPosition.z
      value: 0
      objectReference: {fileID: 0}
    - target: {fileID: 5904148413157786935, guid: ece5006adc19845a3b878de702629471, type: 3}
      propertyPath: m_LocalRotation.w
      value: 1
      objectReference: {fileID: 0}
    - target: {fileID: 5904148413157786935, guid: ece5006adc19845a3b878de702629471, type: 3}
      propertyPath: m_LocalRotation.x
      value: 0
      objectReference: {fileID: 0}
    - target: {fileID: 5904148413157786935, guid: ece5006adc19845a3b878de702629471, type: 3}
      propertyPath: m_LocalRotation.y
      value: 0
      objectReference: {fileID: 0}
    - target: {fileID: 5904148413157786935, guid: ece5006adc19845a3b878de702629471, type: 3}
      propertyPath: m_LocalRotation.z
      value: 0
      objectReference: {fileID: 0}
    - target: {fileID: 5904148413157786935, guid: ece5006adc19845a3b878de702629471, type: 3}
      propertyPath: m_LocalEulerAnglesHint.x
      value: 0
      objectReference: {fileID: 0}
    - target: {fileID: 5904148413157786935, guid: ece5006adc19845a3b878de702629471, type: 3}
      propertyPath: m_LocalEulerAnglesHint.y
      value: 0
      objectReference: {fileID: 0}
    - target: {fileID: 5904148413157786935, guid: ece5006adc19845a3b878de702629471, type: 3}
      propertyPath: m_LocalEulerAnglesHint.z
      value: 0
      objectReference: {fileID: 0}
    - target: {fileID: 6153763988726349208, guid: ece5006adc19845a3b878de702629471, type: 3}
      propertyPath: m_Layer
      value: 7
      objectReference: {fileID: 0}
    - target: {fileID: 6195937411935802168, guid: ece5006adc19845a3b878de702629471, type: 3}
      propertyPath: m_Layer
      value: 7
      objectReference: {fileID: 0}
    - target: {fileID: 6689563749416558328, guid: ece5006adc19845a3b878de702629471, type: 3}
      propertyPath: m_Layer
      value: 7
      objectReference: {fileID: 0}
    - target: {fileID: 7510439063303041821, guid: ece5006adc19845a3b878de702629471, type: 3}
      propertyPath: m_Layer
      value: 7
      objectReference: {fileID: 0}
    - target: {fileID: 7759859147335514607, guid: ece5006adc19845a3b878de702629471, type: 3}
      propertyPath: m_Layer
      value: 7
      objectReference: {fileID: 0}
    - target: {fileID: 8228261137631145620, guid: ece5006adc19845a3b878de702629471, type: 3}
      propertyPath: m_Layer
      value: 7
      objectReference: {fileID: 0}
    - target: {fileID: 8320261265078044533, guid: ece5006adc19845a3b878de702629471, type: 3}
      propertyPath: m_Enabled
      value: 0
      objectReference: {fileID: 0}
    - target: {fileID: 8689053370154648020, guid: ece5006adc19845a3b878de702629471, type: 3}
      propertyPath: m_Layer
      value: 7
      objectReference: {fileID: 0}
    - target: {fileID: 8874946414752074982, guid: ece5006adc19845a3b878de702629471, type: 3}
      propertyPath: m_Area
      value: 0
      objectReference: {fileID: 0}
    - target: {fileID: 8957311255737251738, guid: ece5006adc19845a3b878de702629471, type: 3}
      propertyPath: m_Layer
      value: 7
      objectReference: {fileID: 0}
    - target: {fileID: 8986702869393263331, guid: ece5006adc19845a3b878de702629471, type: 3}
      propertyPath: m_Layer
      value: 7
      objectReference: {fileID: 0}
    m_RemovedComponents:
    - {fileID: -5592132413742420542, guid: ece5006adc19845a3b878de702629471, type: 3}
  m_SourcePrefab: {fileID: 100100000, guid: ece5006adc19845a3b878de702629471, type: 3}
--- !u!1 &5214455811606059943 stripped
GameObject:
  m_CorrespondingSourceObject: {fileID: 1623651206760176839, guid: ece5006adc19845a3b878de702629471, type: 3}
  m_PrefabInstance: {fileID: 6833413937331111776}
  m_PrefabAsset: {fileID: 0}
--- !u!114 &3240624697692674909 stripped
MonoBehaviour:
  m_CorrespondingSourceObject: {fileID: 8226998153137052733, guid: ece5006adc19845a3b878de702629471, type: 3}
  m_PrefabInstance: {fileID: 6833413937331111776}
  m_PrefabAsset: {fileID: 0}
  m_GameObject: {fileID: 0}
  m_Enabled: 1
  m_EditorHideFlags: 0
  m_Script: {fileID: 11500000, guid: c89de783e4d2429398ad09f29bfed68a, type: 3}
  m_Name: 
  m_EditorClassIdentifier: 
--- !u!114 &1837692297593698683 stripped
MonoBehaviour:
  m_CorrespondingSourceObject: {fileID: 5140263782862831131, guid: ece5006adc19845a3b878de702629471, type: 3}
  m_PrefabInstance: {fileID: 6833413937331111776}
  m_PrefabAsset: {fileID: 0}
  m_GameObject: {fileID: 0}
  m_Enabled: 1
  m_EditorHideFlags: 0
  m_Script: {fileID: 11500000, guid: c89de783e4d2429398ad09f29bfed68a, type: 3}
  m_Name: 
  m_EditorClassIdentifier: 
--- !u!114 &6996316353794592342 stripped
MonoBehaviour:
  m_CorrespondingSourceObject: {fileID: 4594447199709808950, guid: ece5006adc19845a3b878de702629471, type: 3}
  m_PrefabInstance: {fileID: 6833413937331111776}
  m_PrefabAsset: {fileID: 0}
  m_GameObject: {fileID: 0}
  m_Enabled: 1
  m_EditorHideFlags: 0
  m_Script: {fileID: 11500000, guid: c89de783e4d2429398ad09f29bfed68a, type: 3}
  m_Name: 
  m_EditorClassIdentifier: 
--- !u!114 &5713203756430243842 stripped
MonoBehaviour:
  m_CorrespondingSourceObject: {fileID: 1268969796760813410, guid: ece5006adc19845a3b878de702629471, type: 3}
  m_PrefabInstance: {fileID: 6833413937331111776}
  m_PrefabAsset: {fileID: 0}
  m_GameObject: {fileID: 0}
  m_Enabled: 1
  m_EditorHideFlags: 0
  m_Script: {fileID: 11500000, guid: c89de783e4d2429398ad09f29bfed68a, type: 3}
  m_Name: 
  m_EditorClassIdentifier: 
--- !u!114 &744770240701600435 stripped
MonoBehaviour:
  m_CorrespondingSourceObject: {fileID: 6089110048609277395, guid: ece5006adc19845a3b878de702629471, type: 3}
  m_PrefabInstance: {fileID: 6833413937331111776}
  m_PrefabAsset: {fileID: 0}
  m_GameObject: {fileID: 0}
  m_Enabled: 1
  m_EditorHideFlags: 0
  m_Script: {fileID: 11500000, guid: c89de783e4d2429398ad09f29bfed68a, type: 3}
  m_Name: 
  m_EditorClassIdentifier: 
--- !u!114 &3201490499685719655 stripped
MonoBehaviour:
  m_CorrespondingSourceObject: {fileID: 8266589528804628743, guid: ece5006adc19845a3b878de702629471, type: 3}
  m_PrefabInstance: {fileID: 6833413937331111776}
  m_PrefabAsset: {fileID: 0}
  m_GameObject: {fileID: 0}
  m_Enabled: 1
  m_EditorHideFlags: 0
  m_Script: {fileID: 11500000, guid: c89de783e4d2429398ad09f29bfed68a, type: 3}
  m_Name: 
  m_EditorClassIdentifier: 
--- !u!4 &1097354893349864023 stripped
Transform:
  m_CorrespondingSourceObject: {fileID: 5904148413157786935, guid: ece5006adc19845a3b878de702629471, type: 3}
  m_PrefabInstance: {fileID: 6833413937331111776}
  m_PrefabAsset: {fileID: 0}
--- !u!1001 &7461414362588769162
PrefabInstance:
  m_ObjectHideFlags: 0
  serializedVersion: 2
  m_Modification:
    m_TransformParent: {fileID: 832308412349090755}
    m_Modifications:
    - target: {fileID: -8679921383154817045, guid: 7861bf3371ea64362bb6941695421daa, type: 3}
      propertyPath: m_RootOrder
      value: 0
      objectReference: {fileID: 0}
    - target: {fileID: -8679921383154817045, guid: 7861bf3371ea64362bb6941695421daa, type: 3}
      propertyPath: m_LocalScale.x
      value: 0.35
      objectReference: {fileID: 0}
    - target: {fileID: -8679921383154817045, guid: 7861bf3371ea64362bb6941695421daa, type: 3}
      propertyPath: m_LocalScale.y
      value: 0.4
      objectReference: {fileID: 0}
    - target: {fileID: -8679921383154817045, guid: 7861bf3371ea64362bb6941695421daa, type: 3}
      propertyPath: m_LocalScale.z
      value: 0.8
      objectReference: {fileID: 0}
    - target: {fileID: -8679921383154817045, guid: 7861bf3371ea64362bb6941695421daa, type: 3}
      propertyPath: m_LocalPosition.x
      value: -0
      objectReference: {fileID: 0}
    - target: {fileID: -8679921383154817045, guid: 7861bf3371ea64362bb6941695421daa, type: 3}
      propertyPath: m_LocalPosition.y
      value: 0
      objectReference: {fileID: 0}
    - target: {fileID: -8679921383154817045, guid: 7861bf3371ea64362bb6941695421daa, type: 3}
      propertyPath: m_LocalPosition.z
      value: 0.1
      objectReference: {fileID: 0}
    - target: {fileID: -8679921383154817045, guid: 7861bf3371ea64362bb6941695421daa, type: 3}
      propertyPath: m_LocalRotation.w
      value: 1
      objectReference: {fileID: 0}
    - target: {fileID: -8679921383154817045, guid: 7861bf3371ea64362bb6941695421daa, type: 3}
      propertyPath: m_LocalRotation.x
      value: 0
      objectReference: {fileID: 0}
    - target: {fileID: -8679921383154817045, guid: 7861bf3371ea64362bb6941695421daa, type: 3}
      propertyPath: m_LocalRotation.y
      value: -0
      objectReference: {fileID: 0}
    - target: {fileID: -8679921383154817045, guid: 7861bf3371ea64362bb6941695421daa, type: 3}
      propertyPath: m_LocalRotation.z
      value: -0
      objectReference: {fileID: 0}
    - target: {fileID: -8679921383154817045, guid: 7861bf3371ea64362bb6941695421daa, type: 3}
      propertyPath: m_LocalEulerAnglesHint.x
      value: 0
      objectReference: {fileID: 0}
    - target: {fileID: -8679921383154817045, guid: 7861bf3371ea64362bb6941695421daa, type: 3}
      propertyPath: m_LocalEulerAnglesHint.y
      value: 0
      objectReference: {fileID: 0}
    - target: {fileID: -8679921383154817045, guid: 7861bf3371ea64362bb6941695421daa, type: 3}
      propertyPath: m_LocalEulerAnglesHint.z
      value: 0
      objectReference: {fileID: 0}
    - target: {fileID: 919132149155446097, guid: 7861bf3371ea64362bb6941695421daa, type: 3}
      propertyPath: m_Name
      value: Tor2
      objectReference: {fileID: 0}
    m_RemovedComponents: []
  m_SourcePrefab: {fileID: 100100000, guid: 7861bf3371ea64362bb6941695421daa, type: 3}
--- !u!4 &6919496783595080801 stripped
Transform:
  m_CorrespondingSourceObject: {fileID: -8679921383154817045, guid: 7861bf3371ea64362bb6941695421daa, type: 3}
  m_PrefabInstance: {fileID: 7461414362588769162}
  m_PrefabAsset: {fileID: 0}
--- !u!1001 &8018024375221257769
PrefabInstance:
  m_ObjectHideFlags: 0
  serializedVersion: 2
  m_Modification:
    m_TransformParent: {fileID: 832308412349090755}
    m_Modifications:
    - target: {fileID: 2421680750424864455, guid: 99f41225b56c049e1a4b42d66a79d3df, type: 3}
      propertyPath: m_RootOrder
      value: 3
      objectReference: {fileID: 0}
    - target: {fileID: 2421680750424864455, guid: 99f41225b56c049e1a4b42d66a79d3df, type: 3}
      propertyPath: m_LocalPosition.x
      value: 0.385
      objectReference: {fileID: 0}
    - target: {fileID: 2421680750424864455, guid: 99f41225b56c049e1a4b42d66a79d3df, type: 3}
      propertyPath: m_LocalPosition.y
      value: 0.7
      objectReference: {fileID: 0}
    - target: {fileID: 2421680750424864455, guid: 99f41225b56c049e1a4b42d66a79d3df, type: 3}
      propertyPath: m_LocalPosition.z
      value: 0.319
      objectReference: {fileID: 0}
    - target: {fileID: 2421680750424864455, guid: 99f41225b56c049e1a4b42d66a79d3df, type: 3}
      propertyPath: m_LocalRotation.w
      value: 1
      objectReference: {fileID: 0}
    - target: {fileID: 2421680750424864455, guid: 99f41225b56c049e1a4b42d66a79d3df, type: 3}
      propertyPath: m_LocalRotation.x
      value: -0
      objectReference: {fileID: 0}
    - target: {fileID: 2421680750424864455, guid: 99f41225b56c049e1a4b42d66a79d3df, type: 3}
      propertyPath: m_LocalRotation.y
      value: -0
      objectReference: {fileID: 0}
    - target: {fileID: 2421680750424864455, guid: 99f41225b56c049e1a4b42d66a79d3df, type: 3}
      propertyPath: m_LocalRotation.z
      value: -0
      objectReference: {fileID: 0}
    - target: {fileID: 2421680750424864455, guid: 99f41225b56c049e1a4b42d66a79d3df, type: 3}
      propertyPath: m_LocalEulerAnglesHint.x
      value: 0
      objectReference: {fileID: 0}
    - target: {fileID: 2421680750424864455, guid: 99f41225b56c049e1a4b42d66a79d3df, type: 3}
      propertyPath: m_LocalEulerAnglesHint.y
      value: 0
      objectReference: {fileID: 0}
    - target: {fileID: 2421680750424864455, guid: 99f41225b56c049e1a4b42d66a79d3df, type: 3}
      propertyPath: m_LocalEulerAnglesHint.z
      value: 0
      objectReference: {fileID: 0}
    - target: {fileID: 4715618742414002006, guid: 99f41225b56c049e1a4b42d66a79d3df, type: 3}
      propertyPath: m_Name
      value: Torch (1)
      objectReference: {fileID: 0}
    - target: {fileID: 6792981685751740848, guid: 99f41225b56c049e1a4b42d66a79d3df, type: 3}
      propertyPath: m_Color.b
      value: 0
      objectReference: {fileID: 0}
    - target: {fileID: 6792981685751740848, guid: 99f41225b56c049e1a4b42d66a79d3df, type: 3}
      propertyPath: m_Color.g
      value: 0.68235296
      objectReference: {fileID: 0}
    - target: {fileID: 6792981685751740848, guid: 99f41225b56c049e1a4b42d66a79d3df, type: 3}
      propertyPath: m_Color.r
      value: 0.11372549
      objectReference: {fileID: 0}
    m_RemovedComponents: []
  m_SourcePrefab: {fileID: 100100000, guid: 99f41225b56c049e1a4b42d66a79d3df, type: 3}
--- !u!4 &5683040801693970670 stripped
Transform:
  m_CorrespondingSourceObject: {fileID: 2421680750424864455, guid: 99f41225b56c049e1a4b42d66a79d3df, type: 3}
  m_PrefabInstance: {fileID: 8018024375221257769}
  m_PrefabAsset: {fileID: 0}
